 Dungeon Crawl Stone Soup version 0.19.5 (webtiles) character file.

105554 Gargoyl the Severer (level 16, 0/141 HPs)
             Began as a Ghoul Abyssal Knight on May 5, 2017.
             Was the Champion of Lugonu.
             Killed from afar by a shock serpent (24 damage)
             ... with a bolt of electricity
             ... on level 1 of the Snake Pit.
             The game lasted 01:17:46 (26554 turns).

Gargoyl the Severer (Ghoul Abyssal Knight)         Turns: 26554, Time: 01:17:47

Health: 0/141      AC: 30    Str: 18    XL:     16   Next: 41%
Magic:  20/24      EV:  8    Int:  7    God:    Lugonu [******]
Gold:   970        SH:  6    Dex: 20    Spells: 0 memorised, 15 levels left

rFire  . . .     SeeInvis .     K - +3 broad axe (venom)
rCold  + . .     Gourm    .     n - +2 plate armour
rNeg   + + +     Faith    .     w - +0 buckler
rPois  ∞         Spirit   .     X - +2 hat {MR+}
rElec  .         Reflect  .     i - +0 cloak of Hepliaklqana's Delight {*Drain MR+ rCorr Dex+4}
rCorr  +         Harm     .     I - +0 pair of gloves
MR     ++++.                    Q - +1 pair of boots "Gumenipu" {rN+ rCorr Dex+3}
Stlth  ..........               (no amulet)
                                T - ring of protection from magic
                                h - +5 ring of protection

@: rotting
A: rotting body, claws 1, carnivore 3, cold resistance 1, negative energy
resistance 3, slow regeneration 1, torment resistance, unbreathing
a: Depart the Abyss, Bend Space, Banish, Corrupt, Enter the Abyss, Brand Weapon
With Distortion, Renounce Religion


You were on level 1 of the Snake Pit.
You worshipped Lugonu.
Lugonu was exalted by your worship.
You were not hungry.

You visited 4 branches of the dungeon, and saw 24 of its levels.
You visited the Abyss 2 times.
You also visited: Labyrinth and Sewer.

You collected 2716 gold pieces.
You spent 1746 gold pieces at shops.

Inventory:

Hand Weapons
 a - a +2 war axe of venom
 K - a +3 broad axe of venom (weapon)
 S - a +4 hand axe
Missiles
 r - 5 javelins (quivered)
Armour
 i - the +0 cloak of Hepliaklqana's Delight (worn) {*Drain MR+ rCorr Dex+4}
   (You acquired it on level 4 of the Lair of Beasts)

   It affects your dexterity (+4).
   It affects your resistance to hostile enchantments.
   It protects you from acid and corrosion.
   It causes draining when unequipped.
 n - a +2 plate armour (worn)
 w - a +0 buckler (worn)
 I - a +0 pair of gloves (worn)
 Q - the +1 pair of boots "Gumenipu" (worn) {rN+ rCorr Dex+3}
   (You found it on level 8 of the Dungeon)

   It affects your dexterity (+3).
   It protects you from negative energy.
   It protects you from acid and corrosion.
 X - a +2 hat of magic resistance (worn)
 Z - a +2 helmet of see invisible
Jewellery
 g - an uncursed ring of protection from magic
 h - a +5 ring of protection (left hand)
 T - a ring of protection from magic (right hand)
Wands
 e - a wand of disintegration (7/24)
 E - a wand of heal wounds (5/9)
 Y - a wand of teleportation (4/9)
Scrolls
 d - 5 scrolls of fear
 p - 2 scrolls of recharging
 s - 11 scrolls of teleportation
 x - 6 scrolls of identify
 F - a scroll of fog
 H - 3 scrolls of blinking
 J - 2 scrolls of magic mapping
 U - 4 scrolls of remove curse
Potions
 b - a potion of ambrosia
 f - 5 potions of cancellation
 j - 6 potions of might
 k - a potion of haste
 o - 8 potions of curing
 q - 10 potions of flight
 G - 5 potions of heal wounds
 O - 2 potions of agility
 R - a potion of magic
Comestibles
 c - 9 meat rations


   Skills:
 + Level 12.6 Fighting
 + Level 15.6 Axes
 * Level 13.5 Armour
 + Level 3.2 Dodging
 + Level 5.7 Shields
 * Level 13.0 Invocations


You had 15 spell levels left.
You didn't know any spells.

Dungeon Overview and Level Annotations

Branches:
Dungeon (15/15)            Temple (0/1) D:7            Lair (6/6) D:11
 Shoals (0/4) Lair:4        Snake (1/4) Lair:4        Slime (0/5) Lair:6
    Orc (2/2) D:11            Elf (0/3) Orc:2        Vaults (0/5) D:13
 Depths (0/5) D:15

Altars:
Elyvilon
Hepliaklqana
Nemelex Xobeh
Qazlal
Xom
Zin
The Shining One
Beogh
Jiyva

Shops:
D:7 (?:   D:10 (   Orc:1 :}(   Orc:2 ([*:   Snake:1 }

Annotations:
Abyss:1 Frances


Innate Abilities, Weirdness & Mutations

Your body is rotting away.
You thrive on raw meat.
You are immune to poison.
You have sharp fingernails.
You are carnivorous and can eat meat at any time.
Your flesh is cold resistant. (rC+)
You are immune to negative energy. (rN+++)
You regenerate slowly when monsters are visible.
You are immune to unholy pain and torment.
You can survive without breathing.


Message History

The naga sharpshooter casts a spell.
The naga sharpshooter magically shoots an arrow.
The arrow hits you!
* * * LOW HITPOINT WARNING * * *
You miss the shock serpent.
The shock serpent is almost dead.
The shock serpent bites you.
* * * LOW HITPOINT WARNING * * *
The shock serpent shocks you!
* * * LOW HITPOINT WARNING * * *
The naga sharpshooter casts a spell.
The naga sharpshooter magically shoots an arrow.
The arrow hits you but does no damage.
Okay, then.
Press: ? - help, Shift-Dir - straight line, f - shock serpent
Aim: a shock serpent (almost dead, poisoned, chance to defeat MR: 76%)
The shock serpent barely resists.
You feel somewhat more hungry.
The shock serpent shoots out a bolt of lightning at you!
The bolt of electricity hits you!
You die...

#.... #..... ... ..##. ......
#.!. ## ## ...... #... ######
#.....# ##... ##.....
.....#.#...# .. .....##
........N.# #.. #....
......!S.###..### #...
#......@#.....#... #...
[......(..........###...
..#....(....... #.....## ..
###..........# ##.....#
...##.....(......###......#
#...#....###(.......#........
##
.#.#....###(..>.......#.....#
#..#..................).
####...
..#.#.#..............# ##..


You could see a naga sharpshooter and a shock serpent.

Vanquished Creatures
  Gastronok (Lair:1)
  An orc warlord (Orc:2)
  A fire dragon (D:15)
  A minotaur (Lab)
  An ice dragon (Lair:6)
  2 naga warriors (Snake:1)
  Erolcha (D:12)
  Erica (D:10)
  An anaconda (Snake:1)
  An ogre mage (D:13)
  6 centaur warriors
  9 death yaks
  3 tengu warriors
  An orc high priest (Orc:2)
  2 naga sharpshooters (Snake:1)
  Nergalle (D:11)
  A shock serpent (Snake:1)
  An unseen horror (D:11)
  2 lindwurms (Lair:6)
  5 harpies (D:15)
  A glowing orange brain (Abyss:1)
  6 hill giants
  2 naga ritualists (Snake:1)
  2 orc knights
  6 orc sorcerers
  2 mana vipers (Snake:1)
  8 elephants
  9 black mambas
  2 cyclopes
  Joseph (D:10)
  2 naga magi (Snake:1)
  2 gargoyles
  5 torpor snails (Lair:6)
  Maurice (D:10)
  The ghost of SaintRoka the Ruffian, a novice DrTm (D:5)
  14 spiny frogs
  Psyche (D:8)
  4 komodo dragons
  4 rime drakes
  2 freezing wraiths (D:14)
  2 efreet
  A troll (Orc:2)
  3 tyrant leeches (Lair:6)
  6 hornets
  3 two-headed ogres
  Grinder (D:5)
  A jumping spider (D:15)
  8 polar bears
  17 blink frogs
  A raiju (Lair:6)
  4 slime creatures (D:15)
  14 hippogriffs
  4 dream sheep (Lair:6)
  A tarantella (D:15)
  Sigmund (D:5)
  6 wyverns
  A yak (shapeshifter) (D:15)
  A redback (D:15)
  A spriggan (Lair:2)
  2 wraiths
  50 yaks
  5 basilisks
  3 hungry ghosts
  Edmund (D:5)
  3 vampire mosquitoes (D:15)
  2 mottled dragons (D:14)
  11 nagas
  10 wargs
  A soldier ant (D:13)
  6 swamp worms (Lair:6)
  15 water moccasins
  8 porcupines
  A swamp drake (D:11)
  15 black bears
  6 hell hounds (Lair:6)
  35 orc warriors
  2 sky beasts
  2 ice beasts
  2 necrophages
  11 ogres
  42 wolves
  26 centaurs
  10 crocodiles
  18 bullfrogs
  2 big kobolds
  3 scorpions
  18 killer bees
  A water moccasin skeleton (D:8)
  2 electric eels (Lair:6)
  A howler monkey (D:5)
  11 wights
  7 crimson imps
  2 bullfrog zombies
  A centaur zombie (D:5)
  2 quasits
  21 hounds
  5 jellies
  7 centaur skeletons
  28 orc priests
  4 bullfrog skeletons
  2 gnoll shamans
  10 worker ants
  2 iguanas
  49 orc wizards
  5 hell rats (Lair:6)
  2 hound skeletons
  2 worker ant zombies
  11 adders
  11 gnolls
  3 river rats (D:3)
  5 shadow imps
  6 oozes
  2 adder skeletons (D:7)
  An adder zombie (D:8)
  17 worms
  2 dart slugs
  5 leopard geckos
  112 orcs
  3 ball pythons
  10 bats
  8 giant cockroaches
  4 goblins
  9 hobgoblins
  9 jackals
  18 kobolds
  4 quokkas
  7 frilled lizards
  2 quokka skeletons
  A quokka zombie (D:5)
  7 rats
  6 fungi
  9 plants
939 creatures vanquished.

Vanquished Creatures (collateral kills)
  A torpor snail (Lair:6)
1 creature vanquished.

Vanquished Creatures (others)
  A fire dragon (D:15)
  3 hydras (Lair:6)
  An unseen horror (D:10)
  A polar bear (Lair:6)
  A hornet (Lair:6)
  A raiju (Lair:6)
  An orc wizard (D:15)
  3 orcs
  13 fungi
  52 plants
77 creatures vanquished.

Grand Total: 1017 creatures vanquished

Notes
Turn   | Place    | Note
-------+----------+-------------------------------------------
     0 | Abyss:1  | Gargoyl the Ghoul Abyssal Knight began the quest for the Orb.
     0 | Abyss:1  | Reached XP level 1. HP: 19/19 MP: 1/1
    80 | Abyss:1  | Noticed a glowing orange brain
    94 | Abyss:1  | Noticed a worldbinder
    96 | Abyss:1  | Noticed a siren
    96 | Abyss:1  | Killed a glowing orange brain
    96 | Abyss:1  | Reached skill level 3 in Axes
    96 | Abyss:1  | Reached skill level 1 in Dodging
    96 | Abyss:1  | Reached XP level 2. HP: 23/31 MP: 1/3
    96 | Abyss:1  | Reached XP level 3. HP: 28/38 MP: 1/4
    96 | Abyss:1  | Reached XP level 4. HP: 34/45 MP: 1/5
    96 | Abyss:1  | Reached XP level 5. HP: 38/51 MP: 1/6
    96 | Abyss:1  | Reached XP level 6. HP: 43/58 MP: 1/7
    96 | Abyss:1  | Reached XP level 7. HP: 48/64 MP: 1/8
   113 | Abyss:1  | Noticed a hellwing
   113 | D:1      | Escaped the Abyss
   493 | D:1      | Reached * piety under Lugonu
  1051 | D:2      | Found a hazy altar of Hepliaklqana.
  1052 | D:2      | Found a glowing golden altar of the Shining One.
  1052 | D:2      | Found a sparkling altar of Nemelex Xobeh.
  1053 | D:2      | Found a glowing silver altar of Zin.
  1211 | D:2      | Found a faded altar of an unknown god.
  2444 | D:3      | Reached skill level 4 in Axes
  2482 | D:3      | Found a glowing drain.
  2485 | D:3      | Reached ** piety under Lugonu
  2526 | Sewer    | Entered a sewer
  3227 | D:4      | Reached XP level 8. HP: 61/71 MP: 9/9
  3253 | D:4      | Reached *** piety under Lugonu
  4015 | D:5      | Entered Level 5 of the Dungeon
  4028 | D:5      | Noticed Grinder
  4029 | D:5      | Paralysed by Grinder for 4 turns
  4048 | D:5      | Paralysed by Grinder for 3 turns
  4079 | D:5      | Killed Grinder
  4079 | D:5      | Reached skill level 5 in Axes
  4426 | D:5      | Reached skill level 6 in Axes
  4532 | D:5      | Noticed Edmund
  4581 | D:5      | Killed Edmund
  4581 | D:5      | Reached XP level 9. HP: 37/79 MP: 11/11
  4698 | D:5      | Noticed Sigmund
  4709 | D:5      | Killed Sigmund
  4709 | D:5      | Reached skill level 5 in Armour
  4709 | D:5      | Reached skill level 5 in Invocations
  4727 | D:5      | Noticed SaintRoka's ghost (novice DrTm)
  4837 | D:5      | Killed SaintRoka's ghost
  5505 | D:6      | Reached skill level 7 in Axes
  5762 | D:6      | Reached **** piety under Lugonu
  6050 | D:7      | Found Plog's Magic Scroll Shoppe.
  6109 | D:7      | Bought a scroll of enchant armour for 90 gold pieces
  6109 | D:7      | Bought a scroll of blinking for 90 gold pieces
  6109 | D:7      | Bought a scroll of teleportation for 36 gold pieces
  6160 | D:7      | Found Cohoripp's Antique Weapon Boutique.
  6173 | D:7      | Bought a broad axe for 96 gold pieces
  6386 | D:7      | Found a white marble altar of Elyvilon.
  6507 | D:7      | Reached XP level 10. HP: 80/88 MP: 13/13
  6546 | D:7      | Found Yceveosk's Book Shoppe.
  6657 | D:7      | Found a staircase to the Ecumenical Temple.
  6878 | D:8      | Reached skill level 8 in Axes
  7275 | D:8      | Reached skill level 1 in Shields
  7365 | D:8      | Noticed Psyche
  7371 | D:8      | Killed Psyche
  7422 | D:8      | Got a pair of shimmering boots
  7428 | D:8      | Identified the +1 pair of boots "Gumenipu" {rN+ rCorr Dex+3} (You found it on level 8 of the Dungeon)
  7908 | D:9      | Reached ***** piety under Lugonu
  8053 | D:9      | Found a stormy altar of Qazlal.
  8056 | D:9      | You fall through a shaft!
  8056 | D:10     | Entered Level 10 of the Dungeon
  8068 | D:10     | Reached skill level 9 in Axes
  8114 | D:10     | Found Qazil's Antique Weapon Boutique.
  8136 | D:10     | Bought an ichor-stained war axe for 221 gold pieces
  8136 | D:10     | Identified the cursed +3 war axe "Dicorec" {chop, +Fly Int+4} (You bought it in a shop on level 10 of the Dungeon)
  8160 | D:10     | Noticed Maurice
  8183 | D:10     | Killed Maurice
  8384 | D:10     | Reached XP level 11. HP: 79/95 MP: 15/15
  8413 | D:10     | Banished an unseen horror
  8627 | D:10     | Noticed Erica
  8701 | D:10     | Killed Erica
  8817 | D:10     | Noticed Joseph
  8831 | D:10     | Cast into level 2 of the Abyss (Joseph)
  8831 | Abyss:2  | Found a burning altar of Makhleb.
  8838 | Abyss:2  | Noticed a green very ugly thing
  8839 | Abyss:2  | Noticed a green very ugly thing
  8839 | Abyss:2  | Noticed a green ugly thing
  8844 | D:10     | Escaped the Abyss
  8879 | D:10     | Killed Joseph
  9309 | D:10     | Found a viscous altar of Jiyva.
  9456 | D:11     | Noticed a hill giant
  9465 | D:10     | Reached skill level 10 in Axes
  9467 | D:10     | Killed a hill giant
  9589 | D:11     | Noticed a hill giant
  9601 | D:11     | Killed a hill giant
  9638 | D:11     | Found a staircase to the Orcish Mines.
  9795 | D:11     | Noticed Nergalle
  9812 | D:11     | Killed Nergalle
  9815 | D:11     | Found a staircase to the Lair.
  9874 | D:11     | Killed an unseen horror
  9874 | D:11     | Reached XP level 12. HP: 98/103 MP: 17/17
  9887 | D:11     | Reached skill level 11 in Axes
 10416 | Lair:1   | Entered Level 1 of the Lair of Beasts
 11007 | Lair:1   | Noticed Gastronok
 11027 | Lair:1   | Killed Gastronok
 11442 | Lair:2   | Reached skill level 10 in Armour
 11688 | Lair:2   | Reached skill level 10 in Fighting
 11772 | Lair:2   | Reached skill level 12 in Axes
 11981 | Lair:2   | Noticed a seven-headed hydra
 11984 | Lair:2   | Banished a seven-headed hydra
 11984 | Lair:2   | Reached XP level 13. HP: 113/113 MP: 19/19
 13012 | Lair:4   | Found a staircase to the Shoals.
 13271 | Lair:4   | Found a staircase to the Snake Pit.
 13285 | Lair:4   | Reached skill level 10 in Invocations
 13605 | Lair:4   | Reached ****** piety under Lugonu
 14035 | Lair:4   | Identified 3 scrolls of acquirement
 14036 | Lair:4   | Got a dazzling cloak
 14047 | Lair:4   | Identified the +0 cloak of Hepliaklqana's Delight {*Drain MR+ rCorr Dex+4} (You acquired it on level 4 of the Lair of Beasts)
 14050 | Lair:4   | Got a warped shield
 14061 | Lair:4   | Identified the +0 shield of Uskayaw's Favour {rPois rCorr Str-2 Int+4} (You acquired it on level 4 of the Lair of Beasts)
 15088 | Lair:6   | Entered Level 6 of the Lair of Beasts
 15098 | Lair:6   | Reached skill level 13 in Axes
 15235 | Lair:6   | Found a labyrinth entrance.
 15253 | Lab      | Entered a labyrinth
 16895 | Lab      | Noticed a minotaur
 16904 | Lab      | Killed a minotaur
 17094 | Lair:6   | Reached XP level 14. HP: 109/115 MP: 21/21
 17303 | Lair:6   | Found a viscous altar of Jiyva.
 17303 | Lair:6   | Found a staircase to the Slime Pits.
 18866 | Lair:6   | Reached skill level 14 in Axes
 19127 | Lair:6   | Found a runed door.
 19216 | Lair:6   | Got a shimmering flail
 19332 | Lair:6   | Reached XP level 15. HP: 130/130 MP: 22/22
 20027 | D:12     | Noticed Frances
 20037 | D:12     | Banished Frances
 20538 | D:12     | Noticed Erolcha
 20546 | D:12     | Killed Erolcha
 20631 | D:12     | Identified the +9 flail of Boist {crush, rPois} (You found it on level 6 of the Lair of Beasts)
 20950 | D:13     | Found a gate to the Vaults.
 20968 | D:13     | Found a shimmering altar of Xom.
 21730 | D:14     | Found a shimmering altar of Xom.
 22146 | D:15     | Entered Level 15 of the Dungeon
 22357 | D:15     | Reached skill level 5 in Shields
 22510 | D:15     | Reached skill level 15 in Axes
 22722 | D:15     | Found a staircase to the Depths.
 23274 | Orc:1    | Entered Level 1 of the Orcish Mines
 23293 | Orc:1    | Found Joittoeng's Book Shoppe.
 23363 | Orc:2    | Entered Level 2 of the Orcish Mines
 23446 | Orc:2    | Found a staircase to the Elven Halls.
 23584 | Orc:1    | Noticed an orc warlord
 23886 | Orc:2    | Killed an orc warlord
 23980 | Orc:1    | Reached XP level 16. HP: 140/140 MP: 24/24
 24084 | Orc:1    | Found Wyxkilut's Antique Weapon Shoppe.
 24086 | Orc:1    | Found Purothroi's Gadget Emporium.
 24097 | Orc:1    | Bought a wand of teleportation (4/9) for 312 gold pieces
 24264 | Orc:1    | Found a roughly hewn altar of Beogh.
 25386 | Orc:2    | Found Koank's Armour Boutique.
 25386 | Orc:2    | Found Kuonuif's Book Shop.
 25386 | Orc:2    | Found Mes Vaoh's General Store.
 25389 | Orc:2    | Found Picoihiv's Antique Weapon Boutique.
 25458 | Orc:2    | Bought a scroll of brand weapon for 320 gold pieces
 25460 | Orc:2    | Bought a +2 helmet of see invisible for 301 gold pieces
 25464 | Orc:2    | Bought an encrusted war axe for 280 gold pieces
 25464 | Orc:2    | Identified the +5 war axe of Upheaval {freeze, -Tele rF+ rN+} (You bought it in a shop on level 2 of the Orcish Mines)
 25836 | Snake:1  | Entered Level 1 of the Snake Pit
 26065 | Snake:1  | Found Vupn's Gadget Shoppe.
 26554 | Snake:1  | Killed from afar by a shock serpent

Skill      XL: |  1  2  3  4  5  6  7  8  9 10 11 12 13 14 15 16 |
---------------+-------------------------------------------------+-----
Fighting       | 6 7 8 9 10 11 12 | 12.6
Axes           | 3 4 6 7 9 10 12 13 14 15 | 15.6
Armour         | 2 3 4 6 7 9 10 11 12 13 | 13.5
Dodging        | 1 2 3 |  3.2
Invocations    | 3 4 5 6 8 9 10 11 12 13 | 13.0
Shields        | 1 2 3 4 5 |  5.7

Action                   |  1- 3 |  4- 6 |  7- 9 | 10-12 | 13-15 | 16-18 || total
-------------------------+-------+-------+-------+-------+-------+-------++-------
Melee: Hand axe          |    13 |       |   816 |       |       |       ||   829
       War axe           |       |       |    84 |       |       |       ||    84
       Broad axe         |       |       |    43 |   727 |  1664 |   380 ||  2814
Throw: Tomahawk          |       |       |       |     4 |       |       ||     4
Invok: Depart the Abyss  |       |       |     1 |     1 |       |       ||     2
       Banish            |       |       |       |     2 |    12 |     1 ||    15
Evoke: Wand              |       |       |     1 |       |       |       ||     1
  Use: Scroll            |       |       |    15 |     5 |    15 |     5 ||    40
       Potion            |       |       |     3 |    14 |     1 |       ||    18
 Stab: Invisible         |       |       |       |     2 |       |       ||     2
       Distracted        |       |       |       |       |     1 |       ||     1
  Eat: Chunk             |       |       |    86 |   107 |   294 |    69 ||   556
       Meat ration       |       |       |       |     1 |     4 |       ||     5
Armor: Plate armour      |       |       |   767 |   726 |  1639 |   240 ||  3372
       Leather armour    |       |       |    36 |       |       |       ||    36
Dodge: Dodged            |     3 |       |   357 |   235 |   765 |   111 ||  1471
Block: Buckler           |       |       |    27 |   165 |   601 |   119 ||   912
